 Seeded DCSS version 0.28-a0-919-g0b5b508569 (webtiles) character file.

Game seed: 20211126 (custom seed)

72 a11behringer the Chopper (level 4, -1/40 HPs)
             Began as a Hill Orc Fighter on Nov 26, 2021.
             Was a Follower of Dithmenos.
             Slain by Grinder (5 damage)
             ... while paralysed by Grinder
             ... on level 3 of the Dungeon.
             The game lasted 00:05:18 (1731 turns).

a11behringer the Chopper (Hill Orc Fighter)         Turns: 1731, Time: 00:05:19

Health: -1/40      AC:  6    Str: 19    XL:     4   Next: 26%
Magic:  4/4        EV:  2    Int:  8    God:    Dithmenos [*.....]
Gold:   90         SH:  0    Dex: 10    Spells: 3/3 levels left

rFire   . . .      SeeInvis .   a - +0 war axe
rCold   . . .      Faith    .   c - +0 buckler
rNeg    . . .      Spirit   .   b - +0 scale mail
rPois   .          Reflect  .   (no helmet)
rElec   .          Harm     .   (no cloak)
rCorr   .          Rampage  .   (no gloves)
Will    .....                   (no boots)
Stlth   ..........              (no amulet)
HPRegen 0.13/turn               m - +4 ring of evasion
MPRegen 0.09/turn               (no ring)

@: paralysed, mighty, wreathed by umbra
A: no striking features
a: Renounce Religion


You were on level 3 of the Dungeon.
You worshipped Dithmenos.
Dithmenos was aware of your devotion.
You visited 1 branch of the dungeon, and saw 3 of its levels.

You collected 90 gold pieces.

Inventory:

Hand Weapons
 a - a +0 war axe (weapon)
Missiles
 l - 4 javelins (quivered)
Armour
 b - a +0 scale mail (worn)
 c - a +0 buckler (worn)
Jewellery
 m - a +4 ring of evasion (left hand)
Scrolls
 e - a scroll of blinking {unknown}
 f - 3 scrolls of fear {unknown}
 g - a scroll of noise {unknown}
 h - 4 scrolls of identify {unknown}
 i - a scroll of teleportation {unknown}
 j - 2 scrolls of immolation {unknown}
Potions
 k - a potion of attraction {unknown}


   Skills:
 + Level 4.0 Fighting
 * Level 4.8 Axes
 + Level 3.6 Armour
 + Level 0.1 Dodging
 + Level 3.6 Shields


You had 3 spell levels left.
You didn't know any spells.
Your spell library contained the following spells:

 Spells                   Type           Power      Damage    Failure   Level
 Animate Skeleton         Necr           0%         N/A       80%         1
 Pain                     Necr           0%         1d4       80%         1
 Ignite Poison            Fire/Tmut/Pois 0%         N/A       99%         3
 Mephitic Cloud           Conj/Pois/Air  0%         N/A       99%         3
 Vampiric Draining        Necr           0%         2d6       99%         3
 Freezing Cloud           Conj/Ice/Air   0%         6-21      100%        5


Dungeon Overview and Level Annotations

Branches:
Dungeon (3/15)

Altars:
Dithmenos
The Shining One

Annotations:
D:3 Grinder


Message History

Found a stone staircase leading up.
Grinder gestures at you. Pain shoots through your body!
You closely miss Grinder. Grinder misses you. Grinder gestures at you.
You suddenly lose the ability to move!
Grinder hits you.
You writhe in agony.
Grinder says, "Tell me all your secrets, or I'll kill you."
Grinder blinks!
Grinder gestures at you. You resist with significant effort.
You can move again.
You feel very mighty all of a sudden.
Grinder says, "DUCK!"
You barely miss Grinder. Grinder hits you but does no damage.
You slice Grinder!!
Grinder is heavily wounded.
Grinder gestures at you.
You suddenly lose the ability to move!
Grinder hits you.
You writhe in agony.
Grinder hits you but does no damage.
Grinder blinks!
Grinder gestures at you. Pain shoots through your body!
* * * LOW HITPOINT WARNING * * *
Grinder gestures at you. Pain shoots through your body!
* * * LOW HITPOINT WARNING * * *
You can move again.
Grinder blinks!
There is a stone staircase leading up here.
Grinder closely misses you.
You slash Grinder!
Grinder is almost dead.
Grinder gestures at you.
You suddenly lose the ability to move!
Grinder gestures at you. You resist with significant effort. Grinder hits you.
You die...

..........#
..........### .#
............# .#
..........#.# <#
..........#.# .#
..........#.##.#
.........<#.#..#
..........#.#.####
..........#5@<...+
...........#.####
###.##.####.# #.
#. ..# # ## ###


You could see Grinder.

Vanquished Creatures
  3 adders (D:2)
  A worm (D:2)
  A dart slug (D:2)
  A ball python (D:1)
  4 bats
  7 endoplasms
  2 giant cockroaches
  4 goblins
  6 hobgoblins
  A quokka (D:2)
  A frilled lizard (D:2)
  3 kobolds
34 creatures vanquished.

Notes
Turn   | Place    | Note
-------+----------+-------------------------------------------
     0 | D:1      | a11behringer the Hill Orc Fighter began the quest for the
                  | Orb.
     0 | D:1      | Reached XP level 1. HP: 19/19 MP: 1/1
   187 | D:1      | Reached XP level 2. HP: 27/27 MP: 2/2
   191 | D:1      | Found a faded altar of an unknown god.
   238 | D:1      | Prayed at the altar of an unknown god.
   238 | D:1      | Became a worshipper of Dithmenos the Shadowed
   238 | D:1      | Reached * piety under Dithmenos
   502 | D:1      | You fall into a shaft and drop 1 floor!
   521 | D:2      | Found a glowing golden altar of the Shining One.
   525 | D:2      | Reached XP level 3. HP: 28/33 MP: 3/3
  1016 | D:2      | Reached XP level 4. HP: 26/40 MP: 4/4
  1711 | D:3      | Noticed Grinder
  1714 | D:3      | Paralysed by Grinder for 6 turns
  1722 | D:3      | Paralysed by Grinder for 6 turns
  1730 | D:3      | Paralysed by Grinder for 7 turns
  1731 | D:3      | Slain by Grinder

Illustrated notes

Levels and vault maps discovered:
D:1:      dpeg_arrival_tiny_f, layout_rooms,
          hellmonk_ecumenical_altar_crossroads, interstate_on_off,
          due_unseen_surprise
D:2:      layout_loops_ring, basic_altar, minmay_fountain_box
D:3:      layout_basic, gammafunk_ghost_abyssal_escape, uniq_robin, uniq_grinder

Skill      XL: |  1  2  3 |
---------------+----------+-----
Axes           | 3 4 |  4.8
Fighting       | 4 |  4.0
Armour         | |  3.6
Dodging        | |  0.1
Shields        | |  3.6

Action                   |  1- 3 |  4- 6 || total
-------------------------+-------+-------++-------
Melee: War axe           |    62 |    36 ||    98
  Use: Potion            |       |     1 ||     1
Armor: Scale mail        |    22 |    22 ||    44
Dodge: Dodged            |    27 |    23 ||    50
Block: Buckler           |    15 |     6 ||    21

Table legend: (Time is in decaauts)
 A = Elapsed time spent in this place.
 B = Non-inter-level travel time spent in this place.
 C = Inter-level travel time spent in this place.
 D = Time resting spent in this place.
 E = Time spent auto-exploring this place.
 F = Levels seen in this place.
 G = Mean time per level.
                   A        B        C        D        E       F      G
               +--------+--------+--------+--------+--------+-----+--------+
         Total |   1761 |   1552 |    209 |      0 |   1270 |   3 |  587.0 |
       Dungeon |   1761 |   1552 |    209 |      0 |   1270 |   3 |  587.0 |
               +--------+--------+--------+--------+--------+-----+--------+

Top non-repeatable levels by time:
     D:2: 979 daAuts
     D:1: 735 daAuts
     D:3: 46 daAuts
